 Dungeon Crawl Stone Soup version 0.28-a0-697-g47f3eba078 (webtiles) character file.

Game seed: 820910605711237019

11 KoroneIsBestGirl the Chiller (level 2, -1/20 HPs)
             Began as a Minotaur Ice Elementalist on Oct 24, 2021.
             Was a Follower of Okawaru.
             Slain by a frilled lizard (2 damage)
             ... on level 1 of the Dungeon.
             The game lasted 00:00:59 (730 turns).

KoroneIsBestGirl the Chiller (MiIE)                  Turns: 730, Time: 00:01:00

Health: -1/20      AC:  6    Str: 12    XL:     2   Next: 17%
Magic:  0/3        EV:  9    Int: 12    God:    Okawaru [*.....]
Gold:   8          SH:  0    Dex: 10    Spells: 3/4 levels left

rFire   . . .      SeeInvis .   b - +0 short sword
rCold   . . .      Faith    .   (no shield)
rNeg    . . .      Spirit   .   d - +0 scale mail
rPois   .          Reflect  .   (helmet restricted)
rElec   .          Harm     .   (no cloak)
rCorr   .          Rampage  .   (no gloves)
Will    .....                   (no boots)
Stlth   ..........              (no amulet)
HPRegen 0.06/turn               (no ring)
MPRegen 0.08/turn               (no ring)

@: very slightly contaminated
A: horns 2, retaliatory headbutt
a: Renounce Religion, Heroism


You were on level 1 of the Dungeon.
You worshipped Okawaru.
Okawaru was aware of your devotion.
You visited 1 branch of the dungeon, and saw 1 of its levels.

You collected 8 gold pieces.

Inventory:

Hand Weapons
 b - a +0 short sword (weapon)
Armour
 a - a +0 robe
 d - a +0 scale mail (worn)
Potions
 c - a potion of flight {unknown}
 e - a potion of degeneration {unknown}


   Skills:
 + Level 0.5 Armour
 - Level 2.1 Dodging
 - Level 1.7 Stealth
 + Level 1.6 Spellcasting
 + Level 3.1 Ice Magic


You had 3 spell levels left.
You knew the following spells:

 Your Spells              Type           Power      Damage    Failure   Level
a - Freeze                Ice            32%        1d5       38%         1

Your spell library contained the following spells:

 Spells                   Type           Power      Damage    Failure   Level
 Frozen Ramparts          Ice            16%        1d3       77%         3
 Ozocubu's Armour         Ice            8%         N/A       77%         3
 Hailstorm                Conj/Ice       4%         3d4       100%        4


Dungeon Overview and Level Annotations

Branches:
Dungeon (1/15)

Altars:
Okawaru


Innate Abilities, Weirdness & Mutations

You have a pair of horns on your head.
You reflexively headbutt those who attack you in melee.


Message History

Confirm with . or Enter, or press ? or * to list all spells.
Aiming: Freeze (safe; 41% risk of failure)
Press: ? - help, Shift-Dir - straight line, f - frilled lizard
Aim: a frilled lizard You miscast Freeze.
You are very lightly contaminated with residual magic.
Nothing appears to happen.
The frilled lizard bites you. The endoplasm closely misses you.
Casting: Freeze (safe; 41% risk of failure)
Confirm with . or Enter, or press ? or * to list all spells.
Aiming: Freeze (safe; 41% risk of failure)
Press: ? - help, Shift-Dir - straight line, f/p - frilled lizard
Aim: a frilled lizard You miscast Freeze.
Nothing appears to happen.
The frilled lizard bites you.
* * * LOW HITPOINT WARNING * * *
The endoplasm hits you but does no damage.
Unknown command.
Casting: Freeze (safe; 41% risk of failure)
Confirm with . or Enter, or press ? or * to list all spells.
Aiming: Freeze (safe; 41% risk of failure)
Press: ? - help, Shift-Dir - straight line, f/p - frilled lizard
Aim: a frilled lizard You freeze the frilled lizard.
The frilled lizard is heavily wounded.
The frilled lizard bites you but does no damage.
The endoplasm freezes you.
You are frozen.
* * * LOW HITPOINT WARNING * * *
Casting: Freeze (safe; 41% risk of failure)
Confirm with . or Enter, or press ? or * to list all spells.
You don't have enough magic to cast this spell.
Unknown command.
You hit the endoplasm. You headbutt the endoplasm.
You kill the endoplasm!
Okawaru accepts your kill.
The frilled lizard bites you but does no damage.
You hit the frilled lizard but do no damage.
The frilled lizard is heavily wounded.
The frilled lizard bites you.
You die...

.......#.## ...
#.........#.!## ..##
#.........##..######.#
#....(....##.........#
#....$....##.........#
##.........#.........#
#....................#
#......l.............#
#......@..##.....).).##
#.........####.....†..#
#.........# ###..##....
##.......## ##.######
##.....## #..#....
####### ##.#.###
#.#.#P. #.#.#.# #.'.8..


You could see a frilled lizard.

Vanquished Creatures
  3 endoplasms (D:1)
  A giant cockroach (D:1)
  2 hobgoblins (D:1)
  A frilled lizard (D:1)
  3 kobolds (D:1)
  A rat (D:1)
11 creatures vanquished.

Notes
Turn   | Place    | Note
-------+----------+-------------------------------------------
     0 | D:1      | KoroneIsBestGirl the Minotaur Ice Elementalist began the
                  | quest for the Orb.
     0 | D:1      | Reached XP level 1. HP: 14/14 MP: 1/1
    38 | D:1      | Reached skill level 3 in Ice Magic
   556 | D:1      | Found a faded altar of an unknown god.
   670 | D:1      | Reached XP level 2. HP: 19/20 MP: 1/3
   691 | D:1      | Prayed at the altar of an unknown god.
   691 | D:1      | Became a worshipper of Warmaster Okawaru
   691 | D:1      | Reached * piety under Okawaru
   728 | D:1      | HP: 1/20 [frozen (5)]
   730 | D:1      | Slain by a frilled lizard

Illustrated notes

Levels and vault maps discovered:
D:1:      heliophobic_arrival_battle_scene, layout_rooms,
          shapermc_ecumenical_altar_ellora, serial_shops,
          nicolae_shop_temple_entry_statues_fountains,
          amcnicky_mini_corridor_feature

Skill      XL: |  1 |
---------------+----+-----
Ice Magic      | 3 |  3.1
Armour         | |  0.5
Dodging        | |  2.1
Stealth        | |  1.7
Spellcasting   | |  1.6

Action                   || total
-------------------------++-------
Melee: Unarmed           ||    17
       Short sword       ||    20
       Headbutt          ||     4
 Cast: Freeze            ||     5
Armor: Scale mail        ||    12
       Robe              ||     5
Dodge: Dodged            ||    13

Table legend: (Time is in decaauts)
 A = Elapsed time spent in this place.
 B = Non-inter-level travel time spent in this place.
 C = Inter-level travel time spent in this place.
 D = Time resting spent in this place.
 E = Time spent auto-exploring this place.
 F = Levels seen in this place.
 G = Mean time per level.
                   A        B        C        D        E       F      G
               +--------+--------+--------+--------+--------+-----+--------+
         Total |    731 |    705 |     26 |      0 |    613 |   1 |  731.0 |
       Dungeon |    731 |    705 |     26 |      0 |    613 |   1 |  731.0 |
               +--------+--------+--------+--------+--------+-----+--------+

Top non-repeatable levels by time:
     D:1: 731 daAuts
